 Dungeon Crawl Stone Soup version 0.23.2-1-ga50397a6bc (webtiles) character file.

Game seed: 9819864062633467960

55 Oninnaise the Skirmisher (level 3, -5/29 HPs)
             Began as a Demonspawn Chaos Knight on Apr 15, 2019.
             Was a Plaything of Xom.
             Slain by Crazy Yiuf
             ... wielding a +3 quarterstaff of chaos
              (10 damage)
             ... on level 2 of the Dungeon.
             The game lasted 00:03:20 (1563 turns).

Oninnaise the Skirmisher (Demonspawn Chaos Knight)  Turns: 1563, Time: 00:03:21

Health: -5/29      AC:  6    Str: 13    XL:     3   Next: 67%
Magic:  3/3        EV:  6    Int: 13    God:    Xom [.....*]
Gold:   102        SH:  0    Dex: 12    Spells: 2/2 levels left

rFire    . . .     SeeInvis .   a - +0 mace (chaos)
rCold    . . .     Gourm    .   (no shield)
rNeg     . . .     Faith    .   b - +2 leather armour
rPois    .         Spirit   .   (helmet restricted)
rElec    +         Reflect  .   g - +0 cloak
rCorr    .         Harm     .   (no gloves)
MR       .....                  (no boots)
Stlth    +.........             (no amulet)
HPRegen  0.09/turn              (no ring)
MPRegen  0.08/turn              (no ring)

@: petrifying, very slow
A: antennae 1, demonic guardian 1, electricity resistance
a: Renounce Religion


You were on level 2 of the Dungeon.
You worshipped Xom.
You were Xom's teddy bear.
You were not hungry.

You visited 1 branch of the dungeon, and saw 2 of its levels.

You collected 102 gold pieces.

Inventory:

Hand Weapons
 a - a +0 mace of chaos (weapon)
Armour
 b - a +2 leather armour (worn)
 g - a +0 cloak (worn)
Scrolls
 e - 3 scrolls of identify
 f - 3 scrolls of immolation
 k - 2 scrolls of summoning
 n - 4 scrolls of remove curse
Potions
 d - a potion of magic {unknown}
 j - 2 potions of haste
Comestibles
 c - 7 rations


   Skills:
 * Level 3.6 Fighting
 + Level 3.2 Maces & Flails
 * Level 2.3 Armour
 + Level 1.2 Dodging


You had 2 spell levels left.
You didn't know any spells.
Your spell library contained the following spells:

 Spells                   Type           Power        Failure   Level  Hunger
 Infusion                 Chrm           #...         36%         1    ##.....
 Shroud of Golubria       Chrm/Tloc      #.........   52%         2    ###....
 Song of Slaying          Chrm           #.......     52%         2    ###....
 Regeneration             Chrm/Necr      #.........   75%         3    ####...
 Spectral Weapon          Hex/Chrm       #.......     75%         3    ####...


Dungeon Overview and Level Annotations

Branches:
Dungeon (2/15)

Altars:

Annotations:
D:2 Crazy Yiuf


Innate Abilities, Weirdness & Mutations

You have a pair of small antennae on your head.
A weak demonic guardian rushes to your aid.
You are resistant to electric shocks. (rElec)


Message History

You open the door. Crazy Yiuf barely misses your iron imp.
You swap places.
Crazy Yiuf drinks a potion.
Crazy Yiuf seems to grow stronger.
There is an open translucent door here.
You hit Crazy Yiuf. You freeze Crazy Yiuf.
Crazy Yiuf is moderately wounded.
Crazy Yiuf hits you with a +3 quarterstaff of chaos!
You emit a cloud of colourful smoke!
You hit Crazy Yiuf but do no damage.
Crazy Yiuf is moderately wounded. "Go forth and redecorate, my child!"
Crazy Yiuf hits you with a +3 quarterstaff of chaos!
You are lethally poisoned!
You feel better.
Crazy Yiuf says, "Reason is nothing but a wonderful and unintelligible Instinct in our souls."
Crazy Yiuf hits you with a +3 quarterstaff of chaos!
* * * LOW HITPOINT WARNING * * *
You are slowing down.
Crazy Yiuf hits you with a +3 quarterstaff of chaos!
You die...

#.##.#########.....#
#.......
#.##.........'.....#
########
#.############...(##
# #.# #.<..# #.#
###### #.# #######
#.# ♣♣♣♣♣##......
#.#
#####♣♣♣.♣.♣.#######
#.#
#.§@#♣..♣...........
#.#
#.§g§5♣♣♣♣..........
#.# #).§#♣♣
♣♣..#...... #.#
##### ♣♣##...... #.#
##..... #.# #.....
#.# #############
#..... #.#
#....)......# #####.
#.# ###'###.....# #.


You could see Crazy Yiuf and a friendly iron imp.

Vanquished Creatures
  An adder (D:2)
  An ooze (D:2)
  2 worms (D:2)
  A ball python (D:2)
  3 bats
  A giant cockroach (D:2)
  6 goblins
  3 hobgoblins
  3 jackals (D:1)
  2 frilled lizards (D:2)
  3 kobolds
  4 rats
30 creatures vanquished.

Vanquished Creatures (collateral kills)
  A worm (D:2)
1 creature vanquished.

Grand Total: 31 creatures vanquished

Notes
Turn   | Place    | Note
-------+----------+-------------------------------------------
     0 | D:1      | Oninnaise the Demonspawn Chaos Knight began the quest for
                  | the Orb.
     0 | D:1      | Reached XP level 1. HP: 18/18 MP: 1/1
   267 | D:1      | Gained mutation: A weak demonic guardian rushes to your
                  | aid. [demonic ancestry]
   267 | D:1      | Reached XP level 2. HP: 24/24 MP: 2/2
   463 | D:1      | XOM: harmless Pois miscast
   721 | D:2      | Reached skill level 1 in Dodging
   950 | D:2      | Gained mutation: You have a pair of small antennae on your
                  | head. [demonic ancestry]
   950 | D:2      | Reached XP level 3. HP: 29/29 MP: 3/3
  1298 | D:2      | XOM: give mutation
  1298 | D:2      | Gained mutation: You are resistant to electric shocks.
                  | (rElec) [Xom's grace]
  1317 | D:2      | Found a runed translucent door.
  1344 | D:2      | Noticed Crazy Yiuf
  1560 | D:2      | XOM: smoke on damage
  1561 | D:2      | XOM: cloud trail
  1563 | D:2      | Slain by Crazy Yiuf

Skill      XL: |  1  2 |
---------------+-------+-----
Maces & Flails | 3 |  3.2
Dodging        | 1 |  1.2
Armour         | 2 |  2.3
Fighting       | |  3.6

Action                   || total
-------------------------++-------
Melee: Mace              ||    76
  Use: Scroll            ||     6
       Potion            ||     5
  Eat: Ration            ||     1
Armor: Leather armour    ||    28
Dodge: Dodged            ||    41
